 Dungeon Crawl Stone Soup version 0.32-a0-908-g8e5f33bbaa (webtiles) character file.

Game seed: 8696009205962310893

79 Nvm9 the Trooper (level 4, 0/35 HPs)
             Began as a Coglin Fighter on Apr 6, 2024.
             Slain by a sleepcap (2 damage)
             ... on level 4 of the Dungeon.
             The game lasted 00:03:32 (1711 turns).

Nvm9 the Trooper (Coglin Fighter)                   Turns: 1711, Time: 00:03:33

Health: 0/35       AC: 13    Str: 18    XL:     4   Next: 38%
Magic:  4/4        EV:  8    Int:  8    God:
Gold:   70         SH:  0    Dex: 13    Spells: 3/3 levels left

rFire   . . .        a - +0 war axe {Doyun}
rCold   . . .        j - +2 mace (protect) {Astrid}
rNeg    . . .        b - +0 scale mail
rPois   .            (no helmet)
rElec   .            (no cloak)
rCorr   .            (no gloves)
SInv    .            (no boots)
Will    .....        (amulet unavailable) Stlth
                     (ring unavailable)
HPRegen 0.25/turn    (ring unavailable)
MPRegen 0.09/turn    (no gizmo)

%: no passive effects
@: under a protective aura, revved
A: off-hand wielding, slow wielding, warmup strikes, no jewellery
a: Invent Gizmo


You were on level 4 of the Dungeon.
You visited 1 branch of the dungeon, and saw 4 of its levels.

You collected 70 gold pieces.

Inventory:

Hand Weapons
 a - a +0 war axe (weapon) {Doyun}
 j - a +2 mace of protection (offhand) {Astrid}
Missiles
 e - 6 boomerangs (quivered)
Armour
 b - a +0 scale mail (worn)
 c - a +0 buckler
Jewellery
 h - a ring of resist corrosion
Scrolls
 f - a scroll of identify
Potions
 d - 2 potions of might
 g - a potion of invisibility {unknown}
 i - a potion of enlightenment
 l - a potion of magic


   Skills:
 * Level 3.4 Fighting
 * Level 2.8 Axes
 + Level 0.7 Throwing
 * Level 3.2 Armour
 + Level 0.7 Dodging
 + Level 2.4 Shields


You had 3 spell levels left.
You didn't know any spells.
Your spell library contained the following spells:

 Spells                   Type           Power      Damage    Failure   Level
 Summon Small Mammal      Summ           0%         N/A       80%         1
 Call Canine Familiar     Summ           0%         N/A       99%         3
 Summon Blazeheart Golem  Fire/Summ      0%         N/A       100%        4


Dungeon Overview and Level Annotations

Branches:
Dungeon (4/15)
 Temple: D:4-7

Altars:
Wu Jian
Yredelemnul

Shops:
D:1 [


Innate Abilities, Weirdness & Mutations

You can wield a second weapon in your off-hand.
It takes a long time for you to wield or remove held weapons.
Your first few attacks do less damage.
You cannot equip rings or amulets.


Message History

* * * LOW HITPOINT WARNING * * *
The sleepcap releases spores at you.
* * * LOW HITPOINT WARNING * * *
You shake off some of the fire as you move.
The liquid fire burns you!
* * * LOW HITPOINT WARNING * * *
The sleepcap releases spores at you but does no damage.
A scorpion comes into view.
There is a stone staircase leading up here.
Found a robe.
You shake off the liquid fire.
You feel better.
The sleepcap releases spores at you but does no damage.
You hit the sleepcap with your +2 mace of protection.
Your weapon exudes an aura of protection.
The sleepcap is heavily damaged.
You hit the sleepcap with your +0 war axe.
The sleepcap releases spores at you.
You are engulfed in a cloud of soporific spores!
You fall asleep.
The sleepcap releases spores at you but does no damage.
The sleepcap releases spores at you!
You wake up.
* * * LOW HITPOINT WARNING * * *
Unknown command.
Unknown command.
Unknown command.
You barely miss the scorpion with your +2 mace of protection.
You slash the scorpion with your +0 war axe!
You hit the sleepcap but do no damage. The scorpion barely misses you.
The scorpion stings you but does no damage.
The sleepcap completely misses you.
Unknown command.
Unknown command.
You hit the scorpion with your +0 war axe.
The scorpion is heavily wounded.
You hit the sleepcap with your +0 war axe.
You hit the scorpion but do no damage. The scorpion stings you.
* * * LOW HITPOINT WARNING * * *
The sleepcap releases spores at you.
You die...

... ## ..
.... . ..
... .#. .. .
#.. #.# .#
#.# ..##..[
##.##.....#
#..f......#.
#...@s......
#.........#.
###########


You could see a sleepcap and a scorpion.

Vanquished Creatures
  A bombardier beetle (D:4)
  10 bats
  2 endoplasms
  4 goblins (D:1)
  8 hobgoblins
  A quokka (D:3)
  6 ball pythons
  4 frilled lizards
  4 kobolds
  2 rats (D:2)
42 creatures vanquished.

Notes
Turn   | Place    | Note
-------+----------+-------------------------------------------
     0 | D:1      | Nvm9 the Coglin Fighter began the quest for the Orb.
     0 | D:1      | Reached XP level 1. HP: 18/18 MP: 1/1
    75 | D:1      | Reached XP level 2. HP: 23/24 MP: 2/2
   114 | D:1      | Found Odaosom's Armour Shop.
   349 | D:1      | Reached XP level 3. HP: 27/29 MP: 3/3
  1443 | D:3      | Found an ornate altar of the Wu Jian Council.
  1638 | D:3      | Found a runed translucent door.
  1638 | D:3      | Noticed a human
  1646 | D:3      | Found a basalt altar of Yredelemnul.
  1704 | D:4      | Reached XP level 4. HP: 16/35 MP: 4/4
  1705 | D:4      | Noticed a scorpion
  1711 | D:4      | Slain by a sleepcap

Illustrated notes

Levels and vault maps discovered:
D:1:      saegor_arrival_simple_e, layout_rooms, serial_shops,
          nicolae_shop_window_shopping
D:2:      layout_loops_ring, corexii_item_surrounded_by_moat
D:3:      layout_basic, nicolae_ashenzari_skybound, dk_yredelemnul_ordeal,
          mainiacjoe_overflow_cross_hatched
D:4:      layout_rooms

Skill      XL: |  1  2 |
---------------+-------+-----
Armour         | 3 |  3.2
Fighting       | |  3.4
Axes           | |  2.8
Throwing       | |  0.7
Dodging        | |  0.7
Shields        | |  2.4

Action                     |  1- 3 |  4- 6 || total
---------------------------+-------+-------++-------
  Melee: War axe           |   112 |     4 ||   116
         Mace              |     4 |     4 ||     8
    Use: Scroll            |     5 |       ||     5
         Potion            |     3 |     1 ||     4
 Armour: Scale mail        |   115 |     9 ||   124
  Dodge: Dodged            |    65 |     2 ||    67
  Block: Buckler           |    25 |       ||    25

Table legend: (Time is in decaauts)
 A = Elapsed time spent in this place.
 B = Non-inter-level travel time spent in this place.
 C = Inter-level travel time spent in this place.
 D = Time resting spent in this place.
 E = Time spent auto-exploring this place.
 F = Levels seen in this place.
 G = Mean time per level.
                   A        B        C        D        E       F      G
               +--------+--------+--------+--------+--------+-----+--------+
         Total |   1759 |   1684 |     75 |     51 |   1255 |   4 |  439.8 |
       Dungeon |   1759 |   1684 |     75 |     51 |   1255 |   4 |  439.8 |
               +--------+--------+--------+--------+--------+-----+--------+

Top non-repeatable levels by time:
     D:2: 844 daAuts
     D:1: 604 daAuts
     D:3: 294 daAuts
     D:4: 16 daAuts
